Map: New Repugnancy LE

Players

Bly - Winner!

  • Race: Zerg Zerg
  • Spawn Location: 1:00

MrKillous (SKillous)

  • Race: Protoss Protoss
  • Spawn Location: 7:00

Event: IEM Season 13: Katowice (2019)

VOD

Have the link to the VOD?

Description

Time

  • Played on: Feb. 25, 2019, 10:30 a.m.
  • Length: 11:11

All games in this series

Show
View Real Time Build Order
Export as new Build Order

Bly Zerg - Winner!

Build Orders: 3 Hatch before Pool 

Get SALT Encoding   

  12  0:01  Drone  
  13  0:12  Overlord  
  13  0:18  Drone  
  14  0:31  Drone x2  
  16  0:42  Drone  
  17  1:02  Hatchery  
  16  1:05  Drone x2  
  18  1:27  Evolution Chamber  
  18  1:28  Drone  
  19  1:32  Hatchery  
  19  1:35  Drone, Spawning Pool  
  19  1:36  Drone  
  19  1:40  Extractor  
  19  2:06  Drone x2  
  21  2:11  Hatchery  
  20  2:22  Overlord  
  20  2:23  Queen  
  22  2:41  Zergling x6  
  25  2:44  Queen  
  25  2:45  Metabolic Boost  
  27  2:52  Drone x2  
  29  3:05  Spore Crawler  
  29  3:07  Drone x3  
  32  3:17  Overlord  
  33  3:24  Hatchery  
  32  3:31  Overlord  
  30  3:55  Zergling x2  
  30  3:56  Zergling x16  
  30  4:02  Drone  
  38  4:06  Queen, Spore Crawler  
  38  4:07  Spore Crawler  
  38  4:11  Drone x2  
  38  4:14  Drone x2  
  38  4:15  Drone  
  43  4:17  Drone  
  44  4:26  Drone  
  44  4:30  Drone x4  
  49  4:38  Queen, Overlord  
  51  4:48  Overlord  
  51  4:55  Drone x2  
  51  4:58  Drone x3  
  55  5:00  Drone x3  
  55  5:06  Drone  
  59  5:11  Lair, Roach Warren  
  59  5:13  Extractor  
  57  5:14  Extractor  
  57  5:15  Drone x3  
  58  5:22  Drone x2  
  58  5:23  Drone x3  
  58  5:27  Overlord  
  63  5:34  Drone x4  
  66  5:38  Overlord  
  66  5:46  Drone x3  
  64  6:01  Roach x7, Extractor  
  76  6:09  Glial Reconstitution  
  76  6:12  Roach x2  
  76  6:15  Overlord  
  76  6:17  Overlord  
  79  6:18  Spore Crawler  
  79  6:24  Drone  
  79  6:25  Drone x2  
  81  6:26  Overlord  
  81  6:32  Overlord  
  81  6:34  Overlord  
  79  6:41  Drone x7  
  79  6:42  Drone, Hatchery  
  79  6:45  Infestation Pit  
  79  6:46  Evolution Chamber  
  84  6:58  Extractor  
  84  7:00  Roach x7  
  97  7:15  Zerg Missile Weapons Level 1  
  97  7:16  Roach x7  
  97  7:18  Overlord  
  111  7:24  Extractor, Drone x3  
  111  7:25  Overlord  
  111  7:27  Overseer  
  113  7:38  Swarm Host, Roach x5  
  113  7:39  Roach  
  126  7:48  Ravager, Overlord  
  126  7:49  Zergling x8  
  131  8:03  Swarm Host, Roach  
  131  8:04  Roach x2  
  135  8:14  Overlord  
  135  8:15  Overlord x2  
  135  8:19  Overlord  
  135  8:21  Overlord  
  117  8:37  Swarm Host, Roach  
  114  8:41  Roach x6, Zergling x2  
  114  8:42  Zergling x2  
  128  8:54  Roach x2  
  128  8:55  Roach  
  126  9:03  Roach x3  
  110  9:19  Roach x3  
  110  9:28  Roach x3  
  108  9:35  Roach x2  
  100  9:50  Roach x2, Zergling x4  
  100  9:51  Queen x3  
  91  10:01  Roach, Zergling x4  
  83  10:10  Zergling x6  
  80  10:24  Roach x3  
  80  10:26  Queen  
  84  10:38  Zergling x10  
  87  10:47  Zergling x2  
  87  10:48  Zergling x2  
  87  10:49  Zergling x2  
  88  10:50  Zergling x6  
Show
View Real Time Build Order
Export as new Build Order

MrKillous Protoss 

Build Orders: Oracle Opening 

Get SALT Encoding   

  12  0:00  Probe  
  13  0:13  Probe  
  14  0:19  Pylon  
  14  0:25  Probe  
  15  0:33  Probe  
  15  0:41  Gateway, Probe  
  16  0:49  Assimilator  
  17  0:54  Probe  
  18  1:06  Pylon, Probe  
  19  1:19  Probe  
  20  1:30  Cybernetics Core  
  21  1:34  Probe  
  21  1:38  Pylon  
  21  1:46  Probe  
  22  1:56  Adept  
  22  2:01  Probe  
  25  2:13  Probe  
  26  2:16  Adept  
  28  2:38  Nexus  
  28  2:42  Probe  
  29  2:47  Assimilator  
  31  3:03  Pylon  
  31  3:04  Probe  
  30  3:08  Stargate  
  28  3:15  Adept  
  30  3:20  Probe  
  31  3:31  Warp Gate  
  31  3:32  Probe  
  31  3:44  Probe  
  31  3:45  Oracle  
  31  3:46  Pylon  
  31  3:50  Probe  
  32  3:56  Probe  
  36  4:03  Probe  
  36  4:09  Probe  
  38  4:14  Phoenix  
  38  4:15  Probe  
  39  4:21  Probe  
  42  4:27  Probe  
  43  4:32  Gateway x2  
  43  4:33  Probe  
  43  4:38  Adept  
  46  4:39  Probe  
  46  4:45  Probe  
  48  4:47  Oracle  
  48  4:51  Probe  
  52  4:53  Pylon  
  52  4:57  Probe  
  53  5:03  Probe  
  54  5:09  Probe  
  55  5:15  Probe  
  55  5:16  Twilight Council  
  55  5:18  Assimilator  
  56  5:21  Probe  
  56  5:22  Nexus  
  56  5:25  Pylon  
  57  5:29  Blink  
  57  5:32  Probe  
  58  5:36  Adept x2  
  58  5:38  Probe  
  58  5:41  Assimilator  
  63  5:44  Probe  
  64  5:50  Probe  
  64  5:53  Gateway  
  64  6:01  Gateway  
  64  6:03  Gateway  
  61  6:06  Probe  
  61  6:07  Probe  
  61  6:08  Pylon  
  63  6:18  Sentry x3  
  69  6:19  Probe  
  69  6:20  Probe  
  68  6:32  Gateway  
  68  6:33  Gateway  
  68  6:37  Probe  
  68  6:38  Probe  
  70  6:43  Gateway  
  70  6:44  Gateway, Probe  
  71  6:48  Sentry x3  
  71  6:49  Probe  
  71  6:50  Probe  
  71  6:53  Stalker  
  80  6:59  Stalker  
  80  7:00  Probe  
  83  7:02  Probe x2  
  83  7:04  Stalker  
  87  7:12  Pylon  
  87  7:13  Pylon  
  87  7:16  Stalker x2  
  91  7:31  Stalker x4  
  91  7:33  Gateway  
  91  7:36  Stalker  
  101  7:38  Stalker  
  103  7:49  Stalker x2  
  103  7:50  Pylon, Probe x3  
  110  7:53  Stalker  
  99  8:06  Stalker x3  
  105  8:15  Stalker x2  
  85  8:45  Stalker x4  
  85  8:46  Stalker x2  
  85  8:47  Zealot x2  
  64  9:16  Stalker x6  
  68  9:27  Zealot  

Tags
 
Add a new tag
Caveats
  • Supply blocks, unpowered buildings, or Contaminate may cause inaccurate times.
  • Supply counts are checked every 10 seconds.